Map: Ascension to Aiur LE

Players

NightEnD - Winner!

  • Race: Protoss Protoss
  • Spawn Location: 11:00

SpaceDucK

  • Race: Protoss Protoss
  • Spawn Location: 5:00

Event: WCS Jonkoping 2017

VOD

Have the link to the VOD?

Description

Time

  • Played on: June 17, 2017, 10:45 a.m.
  • Length: 4:53

All games in this series

Show
View Real Time Build Order
Export as new Build Order

NightEnD Protoss - Winner!

Build Orders: Mass Adepts 

Get SALT Encoding   

  12  0:00  Probe (Chrono Boost)  
  13  0:12  Probe (Chrono Boost)  
  14  0:17  Pylon  
  14  0:23  Probe (Chrono Boost)  
  16  0:35  Probe (Chrono Boost)  
  16  0:38  Gateway  
  16  0:43  Assimilator  
  16  0:46  Probe (Chrono Boost)  
  17  0:51  Assimilator  
  17  0:57  Probe (Chrono Boost)  
  18  1:07  Probe (Chrono Boost)  
  18  1:11  Gateway  
  19  1:18  Probe (Chrono Boost)  
  20  1:26  Cybernetics Core  
  20  1:29  Probe (Chrono Boost)  
  21  1:38  Pylon  
  21  1:40  Probe (Chrono Boost)  
  22  1:51  Probe (Chrono Boost)  
  23  2:03  Warp Gate (Chrono Boost)  
  27  2:11  Adept x2  
  27  2:16  Mothership Core  
  29  2:26  Pylon  
  29  2:36  Pylon  
  29  2:38  Adept  
  31  2:44  Adept  
  33  2:56  Gateway  
  33  2:57  Stargate  
  33  3:05  Adept  
  33  3:11  Adept  
  37  3:19  Pylon  
  37  3:41  Void Ray (Chrono Boost)  
  41  4:01  Adept  
  41  4:02  Adept x2  
  47  4:28  Adept x3  
  43  4:49  Adept  
  43  4:50  Adept x2  
Show
View Real Time Build Order
Export as new Build Order

SpaceDucK Protoss 

Build Orders:  

Get SALT Encoding   

  12  0:01  Probe (Chrono Boost)  
  13  0:12  Probe (Chrono Boost)  
  14  0:18  Pylon  
  14  0:22  Probe (Chrono Boost)  
  15  0:36  Probe (Chrono Boost)  
  15  0:40  Gateway  
  16  0:47  Probe (Chrono Boost)  
  17  0:50  Assimilator  
  17  0:57  Probe (Chrono Boost)  
  17  1:00  Assimilator  
  18  1:08  Probe (Chrono Boost)  
  19  1:18  Probe (Chrono Boost)  
  20  1:28  Pylon  
  20  1:29  Probe (Chrono Boost)  
  21  1:33  Cybernetics Core  
  21  1:44  Probe (Chrono Boost)  
  22  1:51  Gateway  
  22  1:55  Probe (Chrono Boost)  
  23  2:09  Stalker  
  23  2:12  Warp Gate  
  27  2:16  Mothership Core (Chrono Boost)  
  27  2:33  Pylon  
  27  2:34  Probe (Chrono Boost)  
  28  2:43  Stalker  
  30  2:56  Nexus  
  30  3:03  Probe (Chrono Boost)  
  31  3:09  Sentry  
  33  3:13  Probe (Chrono Boost)  
  26  4:17  Stalker x2  
  24  4:36  Pylon  
  15  4:47  Stalker x2  
Tags
 
Add a new tag
Caveats
  • Supply blocks, unpowered buildings, or Contaminate may cause inaccurate times.
  • Supply counts are checked every 10 seconds.